 Dungeon Crawl Stone Soup version 0.17-a0-1910-g4c791fa (webtiles) character file.

193 kae the Slasher (level 5, -2/45 HPs)
             Began as a Minotaur Fighter on Sept 25, 2015.
             Slain by an ogre
             ... wielding a +0 giant spiked club
              (26 damage)
             ... on level 4 of the Dungeon.
             The game lasted 00:01:26 (2683 turns).

kae the Slasher (Minotaur Fighter)                  Turns: 2683, Time: 00:01:26

Health: -2/45      AC:  6    Str: 21    XL:     5   Next: 43%
Magic:  4/4        EV:  7    Int:  6    God:
Gold:   159        SH:  9    Dex:  9    Spells: 0 memorised, 4 levels left

rFire  . . .     SeeInvis .     a - +0 long sword
rCold  . . .     Clarity  .     b - +0 scale mail
rNeg   . . .     SustAt   .     c - +0 shield
rPois  .         Gourm    .     (helmet restricted)
rElec  .         Spirit   .     (no cloak)
rCorr  .         Warding  .     (no gloves)
rMut   .         Stasis   .     (no boots)
MR     .....                    (no amulet)
Stlth  ..........               (no ring)
                                (no ring)

@: not resistant to hostile enchantments, extremely unstealthy
A: retaliatory headbutt, horns 2
a: no special abilities


You were on level 4 of the Dungeon.
You were not hungry.

You visited 1 branch of the dungeon, and saw 4 of its levels.

You collected 159 gold pieces.

Inventory:

Hand weapons
 a - a +0 long sword (weapon)
Armour
 b - a +0 scale mail (worn)
 c - a +0 shield (worn)
Magical devices
 r - a wand of random effects (14)
Scrolls
 g - 2 scrolls of recharging {unknown}
 h - 3 scrolls of noise {unknown}
 l - 2 scrolls of teleportation {unknown}
 n - a scroll of remove curse {unknown}
 o - a scroll of identify {unknown}
 p - 2 scrolls of fear {unknown}
Potions
 d - 2 potions of might
 i - a potion of invisibility {unknown}
 k - 2 potions of degeneration {unknown}
 m - a potion of curing {unknown}
Comestibles
 e - 4 bread rations
 f - a slice of pizza
 j - 2 beef jerkies


   Skills:
 - Level 3.6 Fighting
 + Level 6.9 Long Blades
 - Level 3.6 Armour
 - Level 3.6 Shields


You had 4 spell levels left.
You didn't know any spells.

Dungeon Overview and Level Annotations

Branches:
Dungeon (4/15)
 Temple: D:4-7

Altars:
Ashenzari


Innate Abilities, Weirdness & Mutations

You reflexively headbutt those who attack you in melee.
You have a pair of horns on your head.


Message History

e - 4 bread rations (gained 1)
Found a stone staircase leading down.
Key pressed, stopping explore.
No target in view!
No target in view!
You open the door.
There is an open door here.
There is an escape hatch in the floor here.
There is a stone staircase leading up here.
As you open the door, it creaks loudly!
An ogre comes into view. It is wielding a giant spiked club.
All of the chunks of flesh in your inventory have rotted away.
There is an open door here.
The ogre hits you with a giant spiked club!!
An ogre is nearby!
You slash the ogre!
The ogre is moderately wounded.
The ogre hits you with a giant spiked club!!
Ouch! That really hurt!
You die...

########### #..[......#
#########.........#
......O@'..<>.....#
.......#######.........######
.......)..........[.........#
..(.......####..#+###+#'#####.#
..........#...................#
.........#.##....#..##.#######
#.......#.#...........##
#.##.#....#.......##.....#
).......)')............>#


You could see an ogre.

Vanquished Creatures
  An orc priest (D:4)
  An orc wizard (D:4)
  Terence (D:2)
  2 adders (D:2)
  3 worms
  2 giant geckos
  8 orcs (D:4)
  A ball python (D:3)
  5 bats
  4 giant cockroaches
  4 hobgoblins
  2 quokkas
  2 giant newts (D:3)
  4 goblins
  16 jackals
  8 kobolds
  3 rats
67 creatures vanquished.

Notes
Turn   | Place    | Note
--------------------------------------------------------------
     0 | D:1      | kae the Minotaur Fighter began the quest for the Orb.
     0 | D:1      | Reached XP level 1. HP: 19/19 MP: 0/0
   179 | D:1      | Reached XP level 2. HP: 16/26 MP: 1/1
   486 | D:1      | Reached skill level 4 in Long Blades
   627 | D:2      | Noticed Terence
   634 | D:2      | Killed Terence
   634 | D:2      | Reached XP level 3. HP: 23/31 MP: 2/2
   640 | D:2      | Reached skill level 5 in Long Blades
   681 | D:2      | Reached XP level 4. HP: 35/39 MP: 3/3
  2125 | D:3      | Reached skill level 6 in Long Blades
  2252 | D:4      | Reached XP level 5. HP: 40/45 MP: 4/4
  2624 | D:4      | Found a shattered altar of Ashenzari.
  2680 | D:4      | Noticed an ogre
  2683 | D:4      | Slain by an ogre

Vault maps used:
D:1:      onia_arrival_pentagram
D:2:      serial_curves, eino_curves_02, eino_curves_04, eino_curves_03,
          eino_curves_04, uniq_terence
D:3:      st_stairs_8
D:4:      nicolae_ashenzari_panopticon, minmay_temple_entry_overgrown,
          first_bread, minmay_misc_feat_ornament, kennysheep_generic_room_12

Action                   |  1- 3 |  4- 6 || total
-------------------------+-------+-------++-------
Melee: Long sword        |    74 |    93 ||   167
  Eat: Chunk             |       |     6 ||     6
